 Dungeon Crawl Stone Soup version 0.28-a0-664-gc179e30c89 (webtiles) character file.

Game seed: 11162048606084835676

7276 acebull12 the Thaumaturge (level 11, -6/81 HPs)
             Began as a Djinni Fire Elementalist on Oct 16, 2021.
             Was an Initiate of Qazlal.
             Mangled by a centaur warrior (14 damage)
             ... on level 9 of the Dungeon.
             The game lasted 00:35:50 (11253 turns).

acebull12 the Thaumaturge (DjFE)                   Turns: 11253, Time: 00:35:50

Health: -6/81      AC:  2    Str: 10    XL:     11   Next: 34%
Gold:   355        EV: 16    Int: 20    God:    Qazlal [......] SH:  0 Dex: 14

rFire   + + +      SeeInvis .   D - +2 war axe "Lufynto" {holy, +Blink rElec rN+ Str+3}
rCold   x x .      Faith    .   (no shield)
rNeg    + . .      Spirit   .   (no armour)
rPois   ∞          Reflect  .   k - +0 helmet
rElec   +          Harm     .   (no cloak)
rCorr   .          Rampage  .   s - +0 pair of gloves
Will    +....                   (boots unavailable)
Stlth   +++.......              v - amulet of the acrobat
HPRegen 0.23/turn               o - ring of fire
MPRegen 0.00/turn               (no ring)

@: flying
A: sickness immunity, fire resistance 2, cold vulnerability 1, float, innate
caster, hp casting, extra vitality 1, deformed body, subdued magic 1
a: Renounce Religion, Evoke Blink


You were on level 9 of the Dungeon.
You worshipped Qazlal.
Qazlal was noncommittal.
You visited 2 branches of the dungeon, and saw 10 of its levels.

You collected 355 gold pieces.

Inventory:

Hand Weapons
 j - a +0 dagger
 r - a +2 dagger of electrocution
 D - the +2 war axe "Lufynto" (weapon) {holy, +Blink rElec rN+ Str+3}
   (You found it on level 9 of the Dungeon)

   It has been blessed by the Shining One to cause great damage to the undead
   and demons.
   Str:       It affects your strength (+3).
   rElec:     It insulates you from electricity.
   rN:        It protects you from negative energy.
   +Blink:    It lets you blink.
Missiles
 b - 278 stones
Armour
 a - a +0 robe
 k - a +0 helmet (worn)
 s - a +0 pair of gloves (worn)
Jewellery
 d - a +4 ring of evasion
 o - a ring of fire (left hand)
 v - an amulet of the acrobat (around neck)
 E - a ring of wizardry
Wands
 p - a wand of polymorph (14)
 x - a wand of iceblast (16)
 y - a wand of paralysis (11)
 I - a wand of mindburst (15)
Scrolls
 c - a scroll of silence {unknown}
 g - a scroll of magic mapping {unknown}
 i - a scroll of holy word {unknown}
 l - 4 scrolls of immolation
 n - 2 scrolls of amnesia {unknown}
 u - a scroll of fear {unknown}
 w - a scroll of teleportation
 A - 2 scrolls of enchant armour {unknown}
 B - 2 scrolls of brand weapon {unknown}
 F - a scroll of vulnerability {unknown}
 H - a scroll of noise {unknown}
 K - a scroll of enchant weapon {unknown}
Potions
 e - 2 potions of curing
 f - 2 potions of magic
 h - a potion of heal wounds
 m - a potion of resistance
 t - a potion of brilliance
 z - a potion of might {unknown}
 G - a potion of lignification
 J - a potion of invisibility


   Skills:
 * Level 7.8 Fighting
 + Level 1.7 Axes
 + Level 8.6 Dodging
 + Level 5.2 Stealth
 - Level 9.1 Spellcasting


You couldn't memorise any spells.
You knew the following spells:

 Your Spells              Type           Power      Damage    Failure   Level
a - Foxfire               Conj/Fire      100%       2x1d9     1%          1
b - Scorch                Fire           100%       2d10      1%          2
c - Conjure Flame         Conj/Fire      51%        6-21      1%          3
d - Inner Flame           Hex/Fire       51%        N/A       1%          3
e - Flame Wave            Conj/Fire      51%        3d10      1%          4
f - Sting                 Tmut/Pois      100%       1d8       1%          1
g - Slow                  Hex            35%        N/A       1%          2
h - Ignite Poison         Fire/Tmut/Pois 51%        N/A       1%          3
i - Summon Ice Beast      Ice/Summ       35%        N/A       1%          4
j - Fireball              Conj/Fire      25%        3d11      3%          5
Your spell library was empty.

Dungeon Overview and Level Annotations

Branches:
Dungeon (9/15)             Temple (1/1) D:7            Lair (0/6) D:9
    Orc: D:9-12

Altars:
Cheibriados
Dithmenos
Fedhas
Gozag
Hepliaklqana
Kikubaaqudgha
Makhleb
Nemelex Xobeh
Okawaru
Qazlal
Ru
Sif Muna
Trog
Uskayaw
Vehumet
Wu Jian
Xom
Yredelemnul
Zin
The Shining One

Shops:
D:4 !


Innate Abilities, Weirdness & Mutations

You are immune to sickness and miasma.
You are immune to poison.
Your flesh is very heat resistant. (rF++)
You are vulnerable to cold. (rC-)
You float through the air rather than walking.
You learn spells naturally, not from books.
Your magical power is your life essence.
You have superior vitality. (+4 HP)
Armour fits poorly on your strangely shaped body.
Your spells are a little easier to cast, but a little less powerful.


Message History

Confirm with . or Enter, or press ? or * to list all spells.
Casting: Flame Wave (dangerous; 1% risk of failure)
Press: ? - help, Dir - look around, f - activate You feel a surge of power!
A wave of flame ripples out!
The flame wave engulfs the slime creature!!
The slime creature is almost dead. (Press . to intensify the flame waves.)
* * * LOW HITPOINT WARNING * * *
The slime creature hits you.
* * * LOW HITPOINT WARNING * * *
A wave of flame ripples out!
The flame wave engulfs the slime creature!
You kill the slime creature!
Qazlal accepts your kill.
The flame wave engulfs the vampire mosquito!
The vampire mosquito is heavily damaged.
* * * LOW HITPOINT WARNING * * *
The vampire mosquito completely misses you.
A wave of flame ripples out!
The flame wave engulfs the vampire mosquito!!
You destroy the vampire mosquito!
Qazlal accepts your kill.
The flame wave engulfs the centaur warrior!
The centaur warrior is severely wounded.
The flame wave engulfs the cyclops!
You kill the cyclops!
Qazlal accepts your kill.
* * * LOW HITPOINT WARNING * * *
You finish channelling waves of flame.
The centaur warrior shoots an arrow.
The arrow barely misses you.
Casting: Flame Wave (mildly dangerous; 1% risk of failure)
Confirm with . or Enter, or press ? or * to list all spells.
Casting: Flame Wave (mildly dangerous; 1% risk of failure)
Press: ? - help, Dir - look around, f - activate You feel a surge of power!
A wave of flame ripples out! (Press . to intensify the flame waves.)
* * * LOW HITPOINT WARNING * * *
The centaur warrior unwields a +0 shortbow.
The centaur warrior hits you!
You die...

#.#..####............
#.........####.###..#
#..#.###### #.......
#..#.# #.###..#
#..#.#########.# #..#
#..#...........# #..#
#..#.#############..#
#........# #......#
#.##@##### ######.#
#....c.(.# ####.#
####.###.# ##..#....#
#.# #.#...# ######
#.# #.y...# ##....
..# ###..y# #..###
### ###..#### .#
########


You could see a centaur warrior.

Vanquished Creatures
  2 two-headed ogres (D:9)
  A wizard (D:9)
  A manticore (D:8)
  A cyclops (D:9)
  Psyche (D:8)
  2 trolls (D:9)
  Prince Ribbit (D:8)
  A slime creature (D:9)
  A shadow (D:7)
  2 wyverns
  4 yaks (D:9)
  A vampire mosquito (D:9)
  2 centaurs
  4 ogres
  2 necrophages
  3 kobold brigands
  2 bullfrogs
  A scorpion (D:2)
  A water moccasin skeleton (D:5)
  8 wights
  A howler monkey (D:5)
  3 centaur zombies
  A gnoll shaman (D:5)
  2 hounds
  A jelly (D:6)
  2 centaur skeletons
  3 iguanas
  An orc wizard (D:4)
  A killer bee zombie (D:7)
  A mummy (D:4)
  A howler monkey zombie (D:8)
  4 gnolls (D:5)
  7 adders
  A worm (D:3)
  2 dart slugs
  16 orcs
  6 bats
  4 endoplasms
  5 giant cockroaches
  6 goblins
  7 hobgoblins
  12 kobolds
  3 quokkas
  10 ball pythons
  2 frilled lizards (D:2)
  2 hobgoblin zombies (D:4)
  A kobold zombie (D:4)
  An orc zombie (D:4)
  7 rats
154 creatures vanquished.

Vanquished Creatures (collateral kills)
  A hydra (D:8)
  A sky beast (D:8)
2 creatures vanquished.

Vanquished Creatures (others)
  663 foxfires
  3 plants (D:4)
666 creatures vanquished.

Grand Total: 822 creatures vanquished

Notes
Turn   | Place    | Note
-------+----------+-------------------------------------------
     0 | D:1      | acebull12 the Djinni Fire Elementalist began the quest for
                  | the Orb.
     0 | D:1      | Reached XP level 1. HP: 15/15 MP: 0/0
   645 | D:1      | Reached XP level 2. HP: 18/21 MP: 0/0
   771 | D:1      | Found a faded altar of an unknown god.
  1392 | D:2      | Reached skill level 3 in Spellcasting
  1395 | D:2      | Reached XP level 3. HP: 21/25 MP: 0/0
  1395 | D:2      | Learned a level 1 spell: Sting
  1697 | D:2      | Noticed a scorpion
  1714 | D:2      | Killed a scorpion
  1715 | D:2      | Reached XP level 4. HP: 12/31 MP: 0/0
  1715 | D:2      | Reached XP level 5. HP: 14/35 MP: 0/0
  1715 | D:2      | Learned a level 2 spell: Slow
  2111 | D:2      | You are sucked into a shaft and drop 1 floor!
  2111 | D:3      | Noticed a necrophage
  2128 | D:3      | Killed a necrophage
  2129 | D:3      | Reached skill level 4 in Spellcasting
  2131 | D:3      | Reached XP level 6. HP: 31/41 MP: 0/0
  2965 | D:4      | Reached skill level 1 in Fighting
  3297 | D:4      | Reached skill level 5 in Spellcasting
  3541 | D:4      | Found a glowing golden altar of the Shining One.
  3553 | D:4      | Found an opulent altar of Gozag.
  3603 | D:4      | Found Irux's Distillery.
  3612 | D:4      | Reached XP level 7. HP: 36/47 MP: 0/0
  3612 | D:4      | Learned a level 3 spell: Ignite Poison
  3907 | D:4      | You are sucked into a shaft and drop 3 floors!
  3949 | D:7      | Noticed a shadow
  3954 | D:7      | Killed a shadow
  3955 | D:7      | Reached skill level 6 in Spellcasting
  3955 | D:7      | Reached XP level 8. HP: 42/54 MP: 0/0
  4299 | D:5      | Entered Level 5 of the Dungeon
  4471 | D:5      | Identified the +6 hand axe "Lagiywn" {drain, Drain rElec
                  | rF++ rC+}
  5209 | D:5      | Reached skill level 7 in Spellcasting
  5555 | D:5      | Reached XP level 9. HP: 55/60 MP: 0/0
  5555 | D:5      | Learned a level 4 spell: Summon Ice Beast
  6071 | D:6      | Reached skill level 8 in Spellcasting
  6673 | D:6      | You are sucked into a shaft and drop 3 floors!
  6673 | D:9      | Found a staircase to the Lair.
  6676 | D:9      | Identified the +2 war axe "Lufynto" {holy, +Blink rElec rN+
                  | Str+3}
  6701 | D:9      | Noticed a two-headed ogre
  6725 | D:9      | Killed a two-headed ogre
  7204 | D:8      | Reached skill level 9 in Spellcasting
  7938 | D:7      | Found a staircase to the Ecumenical Temple.
  7945 | Temple   | Entered the Ecumenical Temple
  8192 | Temple   | Became a worshipper of Qazlal Stormbringer
  9096 | D:8      | Reached XP level 10. HP: 62/67 MP: 0/0
  9181 | D:8      | Noticed a manticore
  9189 | D:8      | Killed a manticore
  9190 | D:8      | Reached skill level 5 in Fighting
  9190 | D:8      | Reached skill level 5 in Dodging
  9488 | D:8      | Noticed Psyche
  9494 | D:8      | Killed Psyche
  9635 | D:8      | Noticed a four-headed hydra
  9646 | D:8      | HP: 2/70 [four-headed hydra (13)]
  9968 | D:8      | Noticed Prince Ribbit
  9973 | D:8      | Killed Prince Ribbit
  9974 | D:8      | Reached skill level 1 in Axes
 10197 | D:8      | Killed a four-headed hydra
 10467 | D:9      | Noticed a two-headed ogre
 10486 | D:9      | Killed a two-headed ogre
 10899 | D:9      | Reached XP level 11. HP: 59/78 MP: 0/0
 10899 | D:9      | Learned a level 5 spell: Fireball
 11032 | D:9      | Gained mutation: Armour fits poorly on your strangely
                  | shaped body. [potion of mutation]
 11032 | D:9      | Gained mutation: Your spells are a little easier to cast,
                  | but a little less powerful. [potion of mutation]
 11235 | D:9      | Noticed a cyclops
 11237 | D:9      | Killed a wizard
 11238 | D:9      | Noticed a centaur warrior
 11241 | D:9      | Reached skill level 5 in Stealth
 11252 | D:9      | Killed a cyclops
 11253 | D:9      | Mangled by a centaur warrior

Illustrated notes

Levels and vault maps discovered:
D:1:      lemuel_arrival_tunnels, layout_loops_ring,
          chequers_ecumenical_altar_island
D:2:      layout_rooms
D:3:      layout_loops_ring
D:4:      layout_loops_ring, tso_oasis_becter, nicolae_gozag_seed_capital,
          serial_shops, nicolae_diamond_shop, minmay_mini_ossuary
D:5:      layout_basic
D:6:      layout_rooms
D:7:      layout_layer_cave, temple_fountains, chequers_serial_rivers_small_3,
          chequers_decorated_corner
D:8:      layout_basic, uniq_prince_ribbit1, uniq_psyche
D:9:      minmay_blocky_corners, layout_loops_ring, dpeg_oklobed_lair
Temple:   dpeg_five_rooms_temple

Skill      XL: |  1  2  3  4  5  6  7  8  9 10 11 |
---------------+----------------------------------+-----
Spellcasting   | 3 4 5 6 7 9 |  9.1
Stealth        | 2 3 4 5 |  5.2
Fighting       | 1 2 3 4 6 7 |  7.8
Dodging        | 3 4 7 8 |  8.6
Axes           | 1 |  1.7

Action                   |  1- 3 |  4- 6 |  7- 9 | 10-12 || total
-------------------------+-------+-------+-------+-------++-------
Melee: Unarmed           |     2 |       |       |       ||     2
       Dagger            |       |       |     4 |       ||     4
       War axe           |       |       |     9 |       ||     9
 Cast: Foxfire           |    61 |    98 |   193 |    41 ||   393
       Sting             |     1 |       |     5 |       ||     6
       Slow              |       |     1 |     1 |     6 ||     8
       Ignite Poison     |       |       |     4 |       ||     4
       Flame Wave        |       |       |     3 |    11 ||    14
       Summon Ice Beast  |       |       |     2 |     3 ||     5
       Fireball          |       |       |       |     5 ||     5
  Use: Scroll            |       |       |     8 |     4 ||    12
       Potion            |       |       |     2 |     1 ||     3
Armor: Robe              |     1 |     9 |    14 |     3 ||    27
Dodge: Dodged            |     5 |    17 |   105 |    28 ||   155

Table legend: (Time is in decaauts)
 A = Elapsed time spent in this place.
 B = Non-inter-level travel time spent in this place.
 C = Inter-level travel time spent in this place.
 D = Time resting spent in this place.
 E = Time spent auto-exploring this place.
 F = Levels seen in this place.
 G = Mean time per level.
                   A        B        C        D        E       F      G
               +--------+--------+--------+--------+--------+-----+--------+
         Total |  11265 |  10847 |    418 |   2825 |   6635 |  10 | 1126.5 |
       Dungeon |  10968 |  10630 |    338 |   2825 |   6435 |   9 | 1218.7 |
        Temple |    296 |    216 |     80 |      0 |    200 |   1 |  296.0 |
               +--------+--------+--------+--------+--------+-----+--------+

Top non-repeatable levels by time:
     D:8: 1736 daAuts
     D:4: 1661 daAuts
     D:1: 1380 daAuts
     D:9: 1262 daAuts
     D:7: 1226 daAuts
     D:6: 1083 daAuts
     D:5: 1049 daAuts
     D:3: 814 daAuts
     D:2: 753 daAuts
  Temple: 296 daAuts
